 Dungeon Crawl Stone Soup version 0.31.0-9-g3a7656b989 (webtiles) character file.

Game seed: 4685451524468903484

79 qw the Shooter (level 4, 0/22 HPs)
             Began as a Spriggan Hunter on Feb 2, 2024.
             Slain by a goblin
             ... wielding a +0 dagger
             ... led by Robin
              (2 damage)
             ... on level 3 of the Dungeon.
             The game lasted 00:00:05 (1888 turns).

qw the Shooter (Spriggan Hunter)                    Turns: 1888, Time: 00:00:06

Health: 0/22       AC:  2    Str:  7    XL:     4   Next: 16%
Magic:  5/5        EV: 19    Int: 10    God:
Gold:   99         SH:  0    Dex: 20    Spells: 3/3 levels left

rFire   . . .        a - +0 shortbow
rCold   . . .        (shield currently unavailable)
rNeg    . . .        c - +0 robe
rPois   .            (helmet restricted)
rElec   .            (no cloak)
rCorr   .            (gloves unavailable)
SInv    +            (boots unavailable)
Will    .....        (no amulet)
Stlth   ++           (no ring)
HPRegen 0.23/turn    (no ring)
MPRegen 0.09/turn

%: no passive effects
@: very quick
A: very small, no large weapons, unfitting armour, see invisible, speed 3
a: no special abilities


You were on level 3 of the Dungeon.
You visited 1 branch of the dungeon, and saw 3 of its levels.

You collected 99 gold pieces.


Innate Abilities, Weirdness & Mutations

You are very small and have problems with some larger weapons.
You are too small for most types of armour.
You have supernaturally acute eyesight. (SInv)
You cover ground extremely quickly. (Speed+++)


   Skills:
 - Level 1.5 Fighting
 - Level 5.0 Ranged Weapons
 + Level 4.5 Dodging
 - Level 1.5 Stealth


You had 3 spell levels left.
You didn't know any spells.
Your spell library was empty.

Inventory:

Hand Weapons
 a - a +0 shortbow (weapon)
Armour
 c - a +0 robe (worn)
Potions
 d - a potion of mutation

Dungeon Overview and Level Annotations

Branches:
Dungeon (3/15)

Altars:

Annotations:
D:3 Robin


Message History

The goblin misses you.
Robin of the Strong Arm comes into view.
They are wielding a +2 heavy mace.
The goblin completely misses you. The hobgoblin barely misses you.
You shoot an arrow.
Robin shouts!
The arrow hits the goblin!
You kill the goblin!
You hear a shout!
The goblin completely misses you. The hobgoblin misses you.
The adder bites you.
You have reached level 4!
You shoot an arrow.
The arrow hits the adder but does no damage.
The adder closely misses you. The goblin hits you with a +0 dagger.
The goblin completely misses you.
A goblin comes into view. It is wielding a +0 dagger.
The goblin closely misses you. The hobgoblin completely misses you.
The adder misses you. The hobgoblin misses you. The goblin misses you.
The goblin hits you but does no damage. The goblin hits you with a +0 club.
You shoot an arrow. The arrow completely misses the adder.
The arrow hits the goblin!
You kill the goblin!
The adder barely misses you. The goblin barely misses you.
The hobgoblin misses you. The goblin misses you. The goblin barely misses you.
You shoot an arrow. The arrow hits the adder.
The adder is heavily wounded.
The adder closely misses you. The adder barely misses you.
The goblin completely misses you. The hobgoblin closely misses you.
The goblin misses you. The goblin hits you with a +0 club.
You shoot an arrow. The arrow hits the adder.
You kill the adder!
The goblin misses you. The hobgoblin hits you.
The goblin completely misses you. x2
You shoot an arrow. The arrow barely misses the goblin.
The goblin hits you with a +0 dagger. The goblin completely misses you.
The hobgoblin hits you. The goblin hits you with a +0 dagger.
The goblin closely misses you.
You shoot an arrow. The arrow hits the goblin!
You kill the goblin!
You hear a shout!
The hobgoblin misses you. The goblin hits you with a +0 dagger.
You die...

# . .##.
####.... #.....
.. ....
....####g#
.#..gg@g#
#....gg.g#
......gg........
..PPPP..7777....
......... ..
####...#. #.#. .
..#. .. ## #.


You could see Robin, 3 hobgoblins and 5 goblins.

Vanquished Creatures
  2 adders
  2 dart slugs (D:1)
  4 ribbon worms
  7 bats
  7 endoplasms
  2 giant cockroaches
  6 goblins
  2 hobgoblins
  2 jackals (D:2)
  2 quokkas
  A ball python (D:1)
  2 frilled lizards
  5 kobolds
  A rat (D:1)
45 creatures vanquished.

Notes
Turn   | Place    | Note
-------+----------+-------------------------------------------
     0 | D:1      | qw the Spriggan Hunter began the quest for the Orb.
     0 | D:1      | Reached XP level 1. HP: 10/10 MP: 2/2
     0 | D:1      | 0 ||| qw: Version: 0.3-a-155-g5e7d8dd
     0 | D:1      | 0 ||| qw: Game counter: 1658
     0 | D:1      | 0 ||| qw: Melee chars always use a shield: true
     0 | D:1      | 0 ||| qw: God list: Okawaru
     0 | D:1      | 0 ||| qw: Allow faded altars: false
     0 | D:1      | 0 ||| qw: Do Orc after clearing Dungeon:15 true
     0 | D:1      | 0 ||| qw: Do second Lair branch before Depths: true
     0 | D:1      | 0 ||| qw: Lair rune preference: random
     0 | D:1      | 0 ||| qw: Goals: Normal
     0 | D:1      | 0 ||| PLANNING D:1-11
    26 | D:1      | Found a faded altar of an unknown god.
    96 | D:1      | Reached skill level 3 in Dodging
   344 | D:1      | Reached XP level 2. HP: 14/14 MP: 3/3
   872 | D:1      | 872 ||| READING scroll labelled YCEXIACR WUTA.
   876 | D:1      | 876 ||| READING scroll labelled OQEP ZUTACK.
   877 | D:1      | 877 ||| READING scroll labelled OHACSOO WABYH.
   878 | D:1      | 878 ||| DROPPING scroll of butterflies.
  1077 | D:2      | Reached XP level 3. HP: 18/18 MP: 4/4
  1194 | D:2      | 1194 ||| FLEEEEING.
  1195 | D:2      | 1195 ||| FLEEEEING.
  1203 | D:2      | 1203 ||| FLEEEEING.
  1280 | D:2      | Reached skill level 5 in Ranged Weapons
  1844 | D:2      | 1844 ||| READING scroll labelled ZEICREYKYRPH.
  1844 | D:2      | 1844 ||| IDENTIFYING bubbling cyan potion
  1881 | D:3      | Noticed Robin
  1883 | D:3      | Reached XP level 4. HP: 17/22 MP: 5/5
  1887 | D:3      | HP: 4/22 [hobgoblin[Robin] (2)]
  1887 | D:3      | HP: 1/22 [goblin/+0 dagger[Robin] (3)]
  1888 | D:3      | Slain by a goblin

Levels and vault maps discovered:
D:1:      doesnt_arrival_eight_statues, layout_basic, basic_ecumenical_altar
D:2:      layout_basic, serial_co_window_serial, co_window_paths_b,
          co_window_paths_b, co_window_paths_a, co_window_corner_a,
          co_window_paths_a, co_window_paths_c, co_window_of_opportunity_c,
          co_window_unsneaky_path_d, co_window_2corner,
          co_window_unsneaky_path_e, glass_columns_b, glass_columns_a,
          glass_columns_a, glass_columns_a
D:3:      layout_basic, mainiacjoe_overflow_boulevard, fedhas_altar_3,
          nicolae_gozag_zags_fifth_avenue, uniq_robin, uniq_terence

Skill      XL: |  1  2  3 |
---------------+----------+-----
Dodging        | 3 4 |  4.5
Ranged Weapons | 5 |  5.0
Fighting       | |  1.5
Stealth        | |  1.5

Action                     |  1- 3 |  4- 6 || total
---------------------------+-------+-------++-------
   Fire: Shortbow          |   125 |     6 ||   131
    Use: Scroll            |     4 |       ||     4
 Armour: Robe              |    14 |     9 ||    23
  Dodge: Dodged            |    39 |    23 ||    62

Table legend:
 A = Non-vault XP
 B = Vault XP
 C = Vault XP percentage of total XP
 D = Non-vault monster count
 E = Vault monster count
 F = Vault count percentage of total count
                 A         B        C        D         E       F
            +---------+---------+-------+---------+---------+-------
      Total |     109 |       6 |   5.2 |      42 |       3 |   6.7
            +---------+---------+-------+---------+---------+-------
        D:1 |      27 |       0 |   0.0 |      14 |       0 |   0.0
        D:2 |      63 |       0 |   0.0 |      25 |       0 |   0.0
        D:3 |      19 |       6 |  24.0 |       3 |       3 |  50.0
            +---------+---------+-------+---------+---------+-------
